[Event "NED-ch U16 Youth 2019"]
[Site "Assen"]
[Date "2019.04.28"]
[Round "1.1"]
[White "Hilwerda, Jonas"]
[Black "Albertus, Bram"]
[Result "1-0"]
[ECO "B47"]
[WhiteElo "2312"]
[BlackElo "1887"]
[Annotator "NA"]
[PlyCount "75"]
[EventDate "2019.04.28"]
[EventType "swiss"]
[EventCountry "NED"]
[SourceTitle "playchess.com"]
[Source "ChessBase"]
[SourceQuality "1"]
[TimeControl "40/5400+30:1800+30"]

1. e4 c5 2. Nf3 e6 3. d4 cxd4 4. Nxd4 Nc6 5. Nc3 Qc7 6. g3 a6 7. Bg2 Nf6 8. O-O Be7 9. Re1 O-O {[%emt 0:21:29] B47: Sicilian: Taimanov: 5 Nc3 Qc7 6 f4, 6 g3 and 6 Be2} 10. Nxc6 dxc6 11. f4 (11. e5 Rd8 12. Qe2 Nd5 {½-½ (12) Mamedov,R (2708)-Andreikin,D (2702) Minsk 2018}) 11... e5 12. f5 Rd8 $146 ({Predecessor:} 12... b5 13. Qf3 h6 14. Nd1 c5 15. Nf2 Bb7 16. h4 c4 17. Kh2 Rfd8 18. g4 Nh7 19. Qg3 f6 20. Be3 Bc5 21. Rad1 Qb6 22. Bxc5 Qxc5 23. Nh3 Rd6 24. Qf2 {½-½ (24) Romero Holmes,A (2440)-Rodriguez Vargas,O (2445) Spain 1993}) 13. Qf3 b5 14. Be3 Bb7 15. g4 b4 16. Ne2 c5 17. Ng3 Ne8 18. g5 f6 19. h4 c4 20. Kh1 a5 21. Nh5 Ra6 22. Qg4 Rad6 $11 23. Bf3 R6d7 24. Rg1 Qc6 25. Rg2 Rc8 26. Rag1 Rcc7 27. Qg3 a4 28. gxf6 Bxf6 29. Bg5 b3 30. Bxf6 Nxf6 31. Qxe5 Re7 32. Qxf6 Qxf6 33. Nxf6+ Kf7 34. Nxh7 bxa2 35. Rxg7+ Ke8 36. Nf6+ Kf8 37. Rg8+ Kf7 38. Nh7 1-0

[Event "NED-ch U16 Youth 2019"]
[Site "Assen"]
[Date "2019.04.28"]
[Round "1.2"]
[White "Cchung, Chi Yun"]
[Black "Bruil, Rembrandt"]
[Result "0-1"]
[ECO "B38"]
[WhiteElo "1836"]
[BlackElo "2178"]
[Annotator "NA"]
[PlyCount "97"]
[EventDate "2019.04.28"]
[EventType "swiss"]
[EventCountry "NED"]
[SourceTitle "playchess.com"]
[Source "ChessBase"]
[SourceQuality "1"]
[TimeControl "40/5400+30:1800+30"]

1. e4 c5 2. Nf3 Nc6 3. d4 cxd4 4. Nxd4 g6 5. c4 Bg7 6. Be3 Nf6 7. Nc3 O-O 8. Be2 d6 9. O-O Bd7 10. Qd2 Nxd4 11. Bxd4 Bc6 12. f3 a5 13. b3 Nd7 14. Be3 Nc5 15. Rac1 e6 16. Rfd1 Be5 17. Bh6 Re8 18. Nb5 Qe7 19. Bg5 f6 20. Be3 Bxb5 21. cxb5 f5 22. exf5 gxf5 23. Bf4 Bxf4 24. Qxf4 Rad8 25. b6 Kh8 26. a3 Nxb3 27. Rc7 Rd7 28. Rxd7 Qxd7 29. Bc4 e5 30. Qh6 Nd4 31. Qf6+ Qg7 32. Qxg7+ Kxg7 33. Bd5 Re7 34. Kf2 Nb5 35. Rd3 Kf6 36. a4 Nd4 37. Rc3 Ne6 38. Rc8 Nc5 39. Rc7 Nxa4 40. Rxb7 Rxb7 41. Bxb7 Nxb6 42. Ke3 d5 43. g3 a4 44. Kd3 e4+ 45. fxe4 fxe4+ 46. Kd4 a3 47. Kc3 e3 48. Ba6 Nc4 49. Kd4 {[%emt 0:00:39] Ke5+} 0-1

[Event "NED-ch U16 Youth 2019"]
[Site "Assen"]
[Date "2019.04.28"]
[Round "1.3"]
[White "Elgersma, Onno"]
[Black "Gevorkjan, Lewon"]
[Result "1-0"]
[ECO "C11"]
[WhiteElo "2174"]
[BlackElo "1808"]
[Annotator "NA"]
[PlyCount "69"]
[EventDate "2019.04.28"]
[EventType "swiss"]
[EventCountry "NED"]
[SourceTitle "playchess.com"]
[Source "ChessBase"]
[SourceQuality "1"]
[TimeControl "40/5400+30:1800+30"]

1. e4 e6 2. d4 d5 3. Nc3 Nf6 4. e5 Nfd7 5. f4 a6 6. Nf3 c5 7. Be3 cxd4 8. Nxd4 Nc6 9. Qd2 Nxd4 10. Bxd4 Be7 {[%emt 0:00:30] C11: French: Classical System: 4 e5 and 4 Bg5 dxe4} (10... b5 11. O-O-O Be7 12. Kb1 Bb7 13. Bd3 Nc5 14. Qf2 Nxd3 15. cxd3 Qd7 16. Ne2 O-O 17. g4 b4 18. f5 {1-0 (36) Naiditsch,A (2697)-Kovalyov,A (2557) Montreal 2009}) 11. Bd3 b6 $146 ({Predecessor:} 11... Nb6 12. b3 Nd7 13. Qe3 f5 14. Be2 Qa5 15. Qd2 Nc5 16. Bxc5 Bxc5 {½-½ (68) Machado,W (1170)-Marino,F (1722) Caioba 2017}) 12. O-O g6 13. Nd1 Nc5 14. Ne3 Nxd3 15. Qxd3 h5 16. Rfd1 b5 17. c3 Bd7 18. Nxd5 Bc6 19. Ne3 Qc7 20. Rac1 $14 Qb7 21. Qe2 Rd8 22. Rd2 O-O 23. Rf1 Be4 24. h3 Qc6 25. Qf2 f5 26. exf6 Bxf6 27. Bxf6 Rxd2 28. Qxd2 Rxf6 29. Qd4 Rf8 30. Rd1 Bf5 31. Qe5 Qc8 32. g4 hxg4 33. hxg4 Bc2 34. Nxc2 Qc4 35. Rd7 1-0

[Event "NED-ch U16 Youth 2019"]
[Site "Assen"]
[Date "2019.04.28"]
[Round "1.4"]
[White "Van der Schaaf, Tristan"]
[Black "Maters, Arthur"]
[Result "1/2-1/2"]
[ECO "D85"]
[WhiteElo "1807"]
[BlackElo "2043"]
[Annotator "NA"]
[PlyCount "81"]
[EventDate "2019.04.28"]
[EventType "swiss"]
[EventCountry "NED"]
[SourceTitle "playchess.com"]
[Source "ChessBase"]
[SourceQuality "1"]
[TimeControl "40/5400+30:1800+30"]

1. d4 Nf6 2. c4 g6 3. Nc3 d5 4. cxd5 Nxd5 5. e4 Nxc3 6. bxc3 Bg7 7. Nf3 c5 8. Be2 O-O 9. O-O Bg4 10. Bb2 Nc6 11. d5 {[%emt 0:08:21] D85: Exchange Grünfeld: Unusual White 7th moves and lines with 7 Nf3} Ne5 12. Nxe5 Bxe2 13. Qxe2 Bxe5 14. f4 Bg7 15. c4 Bxb2 16. Qxb2 Qb6 $146 ({Predecessor:} 16... Qd7 17. a4 b6 18. Qb5 Rfd8 19. Qxd7 Rxd7 {½-½ (33) Souttre,M (1490)-Herrero,A (1774) St Chely d'Aubrac 2011}) 17. Qxb6 axb6 18. a4 Ra6 19. Rf3 Rfa8 20. Rfa3 Kg7 21. g4 e6 22. Kf2 exd5 23. exd5 f5 24. gxf5 gxf5 25. Rg1+ Kf6 26. Rh3 Rh8 27. Rh6+ Kf7 28. Rg5 $18 Rxa4 29. Rxf5+ Kg7 30. Rxb6 Rb8 31. Rg5+ Kh8 32. d6 Rxc4 33. Ke3 Ra8 34. Rd5 Ra3+ 35. Kd2 Raa4 36. Rxb7 Rd4+ 37. Rxd4 Rxd4+ 38. Ke3 Rxd6 39. Rc7 Rd5 40. Ke4 Rh5 41. f5 1/2-1/2

[Event "NED-ch U16 Youth 2019"]
[Site "Assen"]
[Date "2019.04.28"]
[Round "1.5"]
[White "Honkoop, Gilian"]
[Black "Roothaan, Elmar"]
[Result "1/2-1/2"]
[ECO "D00"]
[WhiteElo "2038"]
[BlackElo "1711"]
[Annotator "NA"]
[PlyCount "115"]
[EventDate "2019.04.28"]
[EventType "swiss"]
[EventCountry "NED"]
[SourceTitle "playchess.com"]
[Source "ChessBase"]
[SourceQuality "1"]
[TimeControl "40/5400+30:1800+30"]

1. d4 d5 2. Bf4 Bg4 3. c4 e6 4. Qb3 b6 5. Nc3 c6 6. g3 Bd6 7. Bxd6 Qxd6 8. Bg2 Nf6 9. Nf3 Nbd7 10. O-O O-O 11. Rfd1 Rfe8 12. Rac1 Rac8 13. Qc2 Qc7 14. cxd5 exd5 15. b4 Qd6 16. Qa4 b5 17. Qb3 a6 18. a4 Ne4 19. Nxe4 dxe4 20. Ng5 Qg6 21. Nxe4 Bxe2 22. Re1 Bc4 23. Qf3 Bd5 24. Qf4 Re6 25. Re3 Rce8 26. Rce1 h6 27. h4 h5 28. axb5 axb5 29. f3 f5 30. Ng5 Rxe3 31. Rxe3 Rxe3 32. Qxe3 Qd6 33. Qe8+ Nf8 34. f4 Bc4 35. Qxc6 Qxd4+ 36. Kh2 Qd7 37. Qf3 g6 38. Qc3 Qd6 39. Qa3 Qd2 40. Nf3 Qf2 41. Qa8 Bf1 42. Ne5 Qxg2+ 43. Qxg2 Bxg2 44. Kxg2 Kg7 45. Kf3 Kf6 46. Ke3 Ke6 47. Kd4 Kd6 48. Kc3 Ke6 49. Kd4 Kd6 50. Kd3 Kd5 51. Ke3 Kd6 52. Kd4 Ne6+ 53. Kd3 Nf8 54. Nf3 Ne6 55. Ne5 Nf8 56. Nf7+ Ke6 57. Nd8+ Kd7 58. Nf7 1/2-1/2

[Event "NED-ch U16 Youth 2019"]
[Site "Assen"]
[Date "2019.04.28"]
[Round "1.6"]
[White "Albers, Sasa"]
[Black "Grutter, Tim"]
[Result "1/2-1/2"]
[ECO "B22"]
[WhiteElo "1690"]
[BlackElo "2029"]
[Annotator "NA"]
[PlyCount "102"]
[EventDate "2019.04.28"]
[EventType "swiss"]
[EventCountry "NED"]
[SourceTitle "playchess.com"]
[Source "ChessBase"]
[SourceQuality "1"]
[TimeControl "40/5400+30:1800+30"]

1. e4 c5 2. Nf3 e6 3. c3 Nf6 4. e5 Nd5 5. d4 cxd4 6. cxd4 Nc6 7. a3 d6 8. Bc4 Nb6 9. Bd3 Be7 10. O-O g5 11. exd6 Qxd6 12. Bxg5 Bxg5 13. Nxg5 Qxd4 14. Nc3 a6 15. Nf3 Qf4 16. Re1 Bd7 17. Qb3 Qc7 18. a4 O-O-O 19. a5 Nd5 20. Nxd5 exd5 21. Qxd5 Be6 22. Qe4 Bd5 23. Qg4+ Kb8 24. Be4 Rhg8 25. Qh5 Bxe4 26. Rxe4 f5 27. Qxf5 Qg7 28. g3 Qxb2 29. Qf4+ Ka8 30. Rea4 Rgf8 31. Qg4 Ne5 32. Nxe5 Qxf2+ 33. Kh1 Rd2 34. Qh3 Qe2 35. Rf4 Rfd8 36. Nf3 Rb2 37. Qf1 Qc2 38. Rc1 Qb3 39. Rfc4 Qe3 40. Rc8+ Rxc8 41. Rxc8+ Ka7 42. Qg1 Qxg1+ 43. Kxg1 Rb5 44. g4 Rxa5 45. g5 Rf5 46. Kf2 Rf7 47. h4 a5 48. h5 a4 49. g6 hxg6 50. hxg6 Rg7 51. Ne5 b5 1/2-1/2

[Event "NED-ch U16 Youth 2019"]
[Site "Assen"]
[Date "2019.04.28"]
[Round "1.7"]
[White "Shakhverdian, William"]
[Black "Broersma, Sven"]
[Result "1-0"]
[ECO "B76"]
[WhiteElo "1949"]
[BlackElo "1617"]
[Annotator "NA"]
[PlyCount "85"]
[EventDate "2019.04.28"]
[EventType "swiss"]
[EventCountry "NED"]
[SourceTitle "playchess.com"]
[Source "ChessBase"]
[SourceQuality "1"]
[TimeControl "40/5400+30:1800+30"]

1. e4 c5 2. Nf3 d6 3. d4 cxd4 4. Nxd4 Nf6 5. Nc3 g6 6. f3 Bg7 7. Be3 O-O 8. Qd2 Nc6 9. O-O-O d5 10. Qe1 e5 11. Nxc6 bxc6 12. exd5 Nxd5 13. Bc4 Be6 14. g4 h6 15. h4 a5 16. g5 h5 17. Bc5 Re8 18. Ne4 Qc7 19. Rh2 Red8 20. Rhd2 Rd7 21. Qf2 Rb8 22. Bb3 Ra8 23. c4 Nf4 24. Rxd7 Bxd7 25. Bb6 Qb7 26. Nd6 Qa6 27. c5 Nd3+ 28. Rxd3 Qxd3 29. Bxf7+ Kh7 30. Bc4 Qd4 31. Qxd4 exd4 32. Bd3 Be6 33. Be4 Bd5 34. Bxd5 cxd5 35. c6 Be5 36. Nb5 Rb8 37. Bc7 Bxc7 38. Nxc7 Rc8 39. Nxd5 Rxc6+ 40. Kd2 Rd6 41. Nf4 Rd7 42. Ne6 Rd6 43. Nf4 1-0

[Event "NED-ch U16 Youth 2019"]
[Site "Assen"]
[Date "2019.04.29"]
[Round "2.3"]
[White "Maters, Arthur"]
[Black "Shakhverdian, William"]
[Result "1-0"]
[ECO "C25"]
[WhiteElo "2043"]
[BlackElo "1949"]
[Annotator "NA RC"]
[PlyCount "71"]
[EventDate "2019.04.28"]
[EventType "swiss"]
[EventCountry "NED"]
[SourceTitle "playchess.com"]
[Source "ChessBase"]
[SourceQuality "1"]
[TimeControl "40/5400+30:1800+30"]

1. e4 e5 2. Bc4 Bc5 3. d3 Nc6 4. Nc3 d6 5. Qh5 (5. Nge2 Nf6 6. O-O O-O 7. Na4 Na5 8. Nxc5 dxc5 9. Nc3 Nxc4 10. dxc4 h6 11. Be3 b6 12. Qf3 c6 13. Qg3 Qd6 14. Rad1 Qe6 {½-½ (106) Paichadze,L (2583)-Nihal,S (2578) chess.com INT 2019}) 5... g6 6. Qd1 {[%emt 0:00:01] C25: Vienna Game: Alternatives to 2...Nf6} h6 $146 ({Predecessor:} 6... Qf6 7. Nf3 Bg4 8. Nd5 Qd8 9. h3 Be6 10. Bg5 Qd7 11. Nf6+ Nxf6 12. Bxf6 {0-1 (60) Shapiro,D (1238)-Sarian,G (1143) Willingen 2018}) 7. Nf3 Be6 8. Bxe6 fxe6 9. Na4 Bb6 10. O-O Qf6 11. Nxb6 axb6 12. Be3 Nge7 13. d4 exd4 14. Nxd4 Nxd4 15. Bxd4 e5 16. Bc3 g5 17. a4 h5 18. a5 bxa5 19. Bxa5 b6 20. Bd2 Rxa1 21. Qxa1 Ng6 ({Black should try} 21... Kd7 $11) 22. Qa4+ (22. Qa7 $5 ) 22... Ke7 23. Qc6 Rc8 24. Be3 Kd8 25. Rd1 Ne7 26. Qb5 Rb8 ({Better is} 26... g4 $14) 27. c4 Kc8 28. b4 Qg6 (28... Qe6 $16 29. Qa4 (29. Bxg5 Qg4 $11) 29... g4) 29. Qa4 Kd8 30. c5 Nc8 31. Qc6 bxc5 32. bxc5 Qg7 33. cxd6 cxd6 34. Bd2 Rb6 35. Ba5 Qb7 36. Qxb7 {[%emt 0:00:07] Pin} 1-0

[Event "NED-ch U16 Youth 2019"]
[Site "Assen"]
[Date "2019.04.29"]
[Round "2.4"]
[White "Grutter, Tim"]
[Black "Honkoop, Gilian"]
[Result "1-0"]
[ECO "C54"]
[WhiteElo "2029"]
[BlackElo "2038"]
[Annotator "NA RC"]
[PlyCount "85"]
[EventDate "2019.04.28"]
[EventType "swiss"]
[EventCountry "NED"]
[SourceTitle "playchess.com"]
[Source "ChessBase"]
[SourceQuality "1"]
[TimeControl "40/5400+30:1800+30"]

1. e4 e5 2. Nf3 Nc6 3. Bc4 Nf6 4. d3 Bc5 5. O-O d6 6. Nbd2 a6 7. c3 Ba7 8. Bb3 Be6 9. Re1 O-O 10. h3 {[%emt 0:01:22] C54: Giuoco Piano: 4 c3 Nf6, main lines with 5 d4 and 5 d3} Ne7 (10... Bxb3 11. Qxb3 Qd7 12. Nf1 b5 13. Bg5 Nh5 14. Rad1 h6 15. Be3 Bxe3 16. Nxe3 Nf4 17. d4 Rfe8 {0-1 (62) Lu,S (2636)-Tabatabaei,M (2587) Makati 2018}) 11. d4 Ng6 12. Bxe6 fxe6 13. dxe5 $146 ({Predecessor:} 13. Qb3 Nf4 14. dxe5 dxe5 15. Nxe5 Nd7 16. Nxd7 Qg5 17. g3 Qxg3+ {0-1 (17) Karacsony,A (2301)-Vajda,L (2534) Hungary 2007}) 13... dxe5 14. Qb3 Qe7 15. Nf1 Nh5 16. N1h2 Nhf4 17. Be3 c6 18. Rad1 b5 ({Black should play} 18... Bxe3 $14 19. fxe3 Nh5) 19. c4 Rad8 20. Qc2 Bxe3 21. fxe3 Qc5 {[%emt 0:00:22] [#]} (21... Rxd1 $14 22. Qxd1 Nh5) 22. b4 $18 Qa7 23. c5 Nh5 24. Rxd8 Rxd8 25. Rd1 Qc7 26. Ng4 Rxd1+ 27. Qxd1 Nf6 28. Qb3 Nf8 29. Ngxe5 Nxe4 30. Qd3 Nf6 31. Qd6 Qxd6 32. cxd6 Nd5 33. d7 Nxd7 34. Nxd7 Nxb4 35. Nc5 Kf7 36. Nd4 e5 37. a3 exd4 38. axb4 dxe3 39. Kf1 Kf6 40. Ke2 Ke5 41. Kxe3 Kd5 42. Nxa6 Kc4 43. Ke4 {[%emt 0:00:29] Kd5+ [%emt 00:01:03]} 1-0

[Event "NED-ch U16 Youth 2019"]
[Site "Assen"]
[Date "2019.04.29"]
[Round "2.5"]
[White "Roothaan, Elmar"]
[Black "Van der Schaaf, Tristan"]
[Result "1/2-1/2"]
[ECO "D02"]
[WhiteElo "1711"]
[BlackElo "1807"]
[Annotator "NA RC"]
[PlyCount "128"]
[EventDate "2019.04.28"]
[EventType "swiss"]
[EventCountry "NED"]
[SourceTitle "playchess.com"]
[Source "ChessBase"]
[SourceQuality "1"]
[TimeControl "40/5400+30:1800+30"]

1. d4 Nf6 2. Nf3 e6 3. g3 d5 4. Bg2 Be7 5. O-O O-O 6. Re1 {[%emt 0:00:25] D02: 1 d4 d5 2 Nf3 sidelines, including 2...Nf6 3 g3 and 2...Nf6 3 Bf4} (6. c4 dxc4 7. Qc2 a6 8. Qxc4 b5 9. Qc2 Bb7 10. Bd2 Be4 11. Qc1 Bb7 12. Rd1 Qc8 13. Ba5 c5 14. dxc5 Bxc5 15. Nbd2 Nbd7 16. Nb3 Ba7 17. Qf4 Nb6 18. Bxb6 Bxb6 19. Rac1 Qe8 20. Ne5 Bxg2 21. Kxg2 {½-½ (75) Ding,L (2813)-Radjabov,T (2757) Wijk aan Zee 2019}) 6... Nbd7 7. c3 Ne4 $146 ({Predecessor:} 7... c5 8. Nbd2 cxd4 9. cxd4 b6 10. e4 dxe4 11. Nxe4 Nxe4 12. Rxe4 Bb7 13. Re2 Nf6 14. Be3 Nd5 15. Rc1 Qd6 16. a3 {½-½ (42) Safar,I (1728)-Kratzmajer,A (1374) Budapest 2015}) 8. Bf4 c5 9. h4 Qb6 10. Qb3 c4 11. Qc2 h6 12. Nbd2 g5 13. hxg5 hxg5 14. Nxe4 gxf4 15. Neg5 f5 16. gxf4 Nf6 17. Ne5 Kg7 18. f3 Nh5 19. e3 Qd8 20. Kf2 Bxg5 21. fxg5 Qxg5 22. Rh1 Qg3+ 23. Kf1 Qg5 24. Rh3 f4 25. e4 $2 (25. exf4 $18 {and the rest is easy.} Qf5 26. Qf2) 25... Kf6 26. Kf2 Rg8 27. Ng4+ Ke7 28. e5 (28. exd5 $18 Nf6 29. Qe2) 28... Rh8 $2 (28... Ng3 $16) 29. Rah1 Bd7 30. Nf6 Be8 31. b3 (31. Bf1 $142) 31... Bg6 32. Qb2 Bf5 33. Rxh5 Qg3+ 34. Kg1 Qe1+ 35. Bf1 Rag8+ 36. Ng4 $1 Rxh5 37. Rxh5 Bxg4 38. Rh7+ Ke8 39. Qg2 Qe3+ 40. Kh2 Qxf3 41. Qxf3 Bxf3 42. Rxb7 Rg3 43. Rxa7 cxb3 44. axb3 Bd1 $11 45. c4 Bxb3 46. c5 Rc3 47. c6 Bc4 48. Ra8+ Ke7 49. c7 Bxf1 50. c8=Q Rxc8 51. Rxc8 f3 52. Rc7+ Ke8 53. Kg3 Be2 54. Rh7 Kf8 55. Rh6 Ke7 56. Rf6 Kd7 57. Kh4 Bd1 58. Kg3 Be2 59. Rxf3 Bxf3 60. Kxf3 Kc6 61. Kg4 Kb5 62. Kg5 Kc4 63. Kf6 Kxd4 64. Kxe6 Kc4 1/2-1/2

[Event "NED-ch U16 Youth 2019"]
[Site "Assen"]
[Date "2019.04.29"]
[Round "2.6"]
[White "Albertus, Bram"]
[Black "Albers, Sasa"]
[Result "1/2-1/2"]
[ECO "E01"]
[WhiteElo "1887"]
[BlackElo "1690"]
[Annotator "NA RC"]
[PlyCount "107"]
[EventDate "2019.04.28"]
[EventType "swiss"]
[EventCountry "NED"]
[SourceTitle "playchess.com"]
[Source "ChessBase"]
[SourceQuality "1"]
[TimeControl "40/5400+30:1800+30"]

1. c4 Nf6 2. g3 e6 3. Bg2 d5 4. Nf3 c6 5. d4 Nbd7 6. O-O Bd6 7. Bf4 {[%emt 0:06:36] E01: Catalan: Early deviations} (7. Nfd2 e5 8. cxd5 cxd5 9. dxe5 Nxe5 10. Nc3 Be6 11. Qa4+ Nc6 12. e4 d4 13. Nd5 O-O 14. Nb3 d3 {½-½ (26) Grischuk,A (2761)-Radjabov,T (2784) Moscow 2012}) 7... Bxf4 8. gxf4 Nf8 $146 ({Predecessor:} 8... dxc4 9. Nbd2 Nd5 10. e3 b5 11. Ne5 Nxe5 12. fxe5 {½-½ (39) Velten,P (2496)-Ollier,P (2362) Hourtin 2016}) 9. e3 Ng6 10. Nbd2 h5 11. Ne5 Ne7 12. Ndf3 Ne4 13. Qc2 f6 14. Nd3 O-O 15. Kh1 b6 16. b3 Bd7 17. Rg1 c5 18. dxc5 bxc5 19. Nh4 Rc8 20. cxd5 $16 exd5 21. Bxe4 dxe4 22. Nxc5 Be8 23. Ne6 Rxc2 24. Nxd8 Bd7 25. Nb7 Rxf2 26. Nc5 Bg4 27. Nxe4 Bf3+ 28. Nxf3 Rxf3 29. Rg3 Rxg3 30. hxg3 Nf5 31. Re1 Re8 32. Nc3 Nxg3+ 33. Kg2 Rc8 34. Kxg3 Rxc3 35. Re2 Kh7 36. Kf3 g5 37. fxg5 fxg5 38. Rd2 Rc7 39. Rd6 g4+ 40. Kf4 Rf7+ 41. Kg3 Rf3+ 42. Kh4 g3 43. Rd5 Rxe3 44. Rxh5+ Kg6 45. Rg5+ Kf6 46. Rxg3 Rxg3 47. Kxg3 Ke5 48. Kf3 Kd4 49. Ke2 Kc3 50. Ke3 a5 51. Ke4 a4 52. bxa4 Kb4 53. Kd3 Kxa4 54. Ke4 1/2-1/2

[Event "NED-ch U16 Youth 2019"]
[Site "Assen"]
[Date "2019.04.29"]
[Round "2.7"]
[White "Broersma, Sven"]
[Black "Cchung, Chi Yun"]
[Result "0-1"]
[ECO "E70"]
[WhiteElo "1617"]
[BlackElo "1836"]
[Annotator "NA RC"]
[PlyCount "62"]
[EventDate "2019.04.28"]
[EventType "swiss"]
[EventCountry "NED"]
[SourceTitle "playchess.com"]
[Source "ChessBase"]
[SourceQuality "1"]
[TimeControl "40/5400+30:1800+30"]

1. d4 Nf6 2. c4 g6 3. Nc3 Bg7 4. e4 d6 5. Nge2 O-O 6. Ng3 e5 7. d5 Nbd7 8. Be2 a5 9. h4 Nc5 10. h5 {[%emt 0:04:52] E70: King's Indian: Miscellaneous lines with 4 e4, including 5 Nge2 and 5 Bd3 0-0 6 Nge2} c6 11. hxg6 fxg6 12. Bg5 cxd5 13. Nxd5 $146 ({Predecessor:} 13. exd5 Bd7 14. Qd2 Qb6 15. Be3 Qc7 {½-½ (25) Kroll,O (2310)-Kozlov,V (2365) ICCF email 2007}) 13... Be6 14. Nxf6+ (14. f3 $14) 14... Bxf6 15. Bxf6 Qxf6 16. O-O Rad8 17. Rc1 ({Better is} 17. Qd2 $15) 17... Qg5 18. Rc3 h5 19. Nxh5 Nxe4 20. Re3 Nxf2 21. Qb3 Ng4 ({Less strong is} 21... gxh5 22. Rxf2 Rxf2 23. Kxf2 $17) 22. Bxg4 Rxf1+ ({Less strong is} 22... Bxg4 23. Ng3 $17) 23. Kxf1 Rf8+ $17 (23... Bxg4 $19 {is more deadly.} 24. Ng3 Rf8+ 25. Kg1 Qf4) 24. Rf3 $2 (24. Bf3 $17) 24... Qxg4 25. Rxf8+ Kxf8 26. Qxb7 Qxh5 27. Qb8+ Ke7 28. Qc7+ Bd7 29. Qxa5 Qd1+ 30. Kf2 Qd4+ 31. Kg3 Qf4# 0-1

[Event "NED-ch U16 Youth 2019"]
[Site "Assen"]
[Date "2019.04.29"]
[Round "2.8"]
[White "Gevorkjan, Lewon"]
[Black "Van Wijngaarden, Frank"]
[Result "1/2-1/2"]
[ECO "A09"]
[WhiteElo "1808"]
[BlackElo "1774"]
[Annotator "NA RC"]
[PlyCount "136"]
[EventDate "2019.04.28"]
[EventType "swiss"]
[EventCountry "NED"]
[SourceTitle "playchess.com"]
[Source "ChessBase"]
[SourceQuality "1"]
[TimeControl "40/5400+30:1800+30"]

1. Nf3 d5 2. e3 c5 3. c4 d4 4. b4 cxb4 (4... dxe3 5. fxe3 cxb4 6. d4 Nf6 7. Bd3 g6 8. a3 bxa3 9. O-O Bg7 10. Nc3 O-O 11. Bxa3 b6 12. Kh1 Nc6 13. Rc1 Bg4 14. h3 Bxf3 15. Qxf3 {1-0 (45) Wei,Y (2735)-Inarkiev,E (2690) Magas 2018}) 5. Nxd4 e5 6. Nf3 {[%emt 0:00:08] A09: Réti Opening: 1 Nf3 d5 2 c4} Nc6 7. Bb2 Bg4 8. Be2 Qa5 $146 ({Predecessor:} 8... e4 9. Nd4 Bxe2 10. Qxe2 Ne5 11. O-O Nd3 12. Bc1 {1-0 (49) Hoerig,D-Windelband,J Germany 1998}) 9. O-O Nf6 10. d4 e4 11. Nfd2 Bxe2 12. Qxe2 Qg5 13. f4 Qg6 14. d5 Nb8 15. a3 Nbd7 16. Nb3 Be7 17. axb4 Bxb4 18. Bc3 Be7 19. Bd4 O-O 20. Nc3 a6 21. c5 Ng4 $2 (21... Rfc8 $16) 22. f5 Qg5 23. Nxe4 Qh4 24. h3 Ngf6 25. Rf4 Qh6 26. d6 Bd8 27. Nc3 Re8 28. Rf3 Rc8 29. e4 Ne5 30. Re3 Nfd7 $18 31. Nd5 Nc6 32. Bc3 Nce5 33. Bxe5 Rxe5 34. Rc3 Bf6 35. Nxf6+ Qxf6 36. Re1 h6 37. Qd2 Qh4 38. Qe3 Rce8 39. Rc4 Rxf5 40. Nd4 Rf6 41. Nf3 Qg3 42. Re2 Rf4 43. Nd2 Qxe3+ 44. Rxe3 Rf5 45. Rec3 Rf6 46. Rb4 Rb8 47. Nb3 b6 48. c6 Rxd6 49. cxd7 Rxd7 50. Rc6 Rd1+ 51. Kh2 Rb1 52. Rbxb6 Rxb6 53. Rxb6 a5 54. Rb7 a4 55. Nc5 Rxb7 56. Nxb7 a3 57. Nc5 a2 58. Nb3 Kf8 59. Kg3 Ke7 60. Kf3 Ke6 61. Ke3 Ke5 62. g3 h5 63. Na1 g6 64. Nb3 f5 65. exf5 gxf5 66. Na1 h4 67. gxh4 Kf6 68. Kf4 Kg6 {[%emt 0:00:00] Ke4} 1/2-1/2

[Event "NED-ch U16 Youth 2019"]
[Site "Assen"]
[Date "2019.04.30"]
[Round "3.1"]
[White "Hilwerda, Jonas"]
[Black "Bruil, Rembrandt"]
[Result "0-1"]
[ECO "B31"]
[WhiteElo "2312"]
[BlackElo "2178"]
[Annotator "NA"]
[PlyCount "116"]
[EventDate "2019.04.28"]
[EventType "swiss"]
[EventCountry "NED"]
[SourceTitle "playchess.com"]
[Source "ChessBase"]
[SourceQuality "1"]
[TimeControl "40/5400+30:1800+30"]

1. e4 c5 2. Nf3 Nc6 3. Bb5 g6 4. Bxc6 bxc6 5. O-O Bg7 6. Re1 Nh6 7. c3 O-O 8. h3 {[%emt 0:00:12] B31: Sicilian: 2...Nc6 3 Bb5 g6} f5 9. e5 Nf7 10. d3 Rb8 11. Na3 d6 $146 ({Predecessor:} 11... Ba6 12. Nc4 Bxc4 13. dxc4 d6 14. e6 Ne5 15. Nxe5 Bxe5 {1-0 (53) Caruana,F (2808)-Eljanov,P (2739) Baku 2016}) 12. exd6 exd6 13. d4 cxd4 14. Nxd4 Bd7 15. f4 (15. Ne6 $11 Bxe6 16. Rxe6) 15... Re8 16. Nf3 Qb6+ 17. Kh2 Rxe1 18. Qxe1 Re8 19. Qg1 d5 20. Qxb6 axb6 21. Nc2 c5 22. Be3 $2 (22. Nce1 $17) 22... Ba4 23. Nfe1 Nd6 24. Rd1 Nc4 25. Bc1 Bxc2 26. Nxc2 Re2 27. Ne1 Nxb2 28. Bxb2 Rxb2 29. Rxd5 (29. Rd3 Bxc3 30. Rxd5 Be5 $4 (30... Bxe1 $19 {and all is fine.} 31. Rd8+ Kg7 32. Rd7+ Kh6) 31. Nf3) 29... Bxc3 30. Nf3 Bf6 31. Rd6 Kf7 32. Rc6 Ke7 $19 33. a4 Rb4 34. a5 bxa5 35. Rxc5 a4 36. Kg3 a3 37. Ra5 Rb3 38. Ra7+ Kd8 39. Kh2 Bc3 40. Ng5 Bd2 41. Ne6+ Kc8 42. Ra4 Bb4 43. Nd4 Rb2 44. Nc2 Rxc2 45. Rxb4 a2 46. Ra4 Kb7 47. Kg3 Kb6 48. Kh4 Kb5 49. Ra8 Kb4 50. g4 fxg4 51. hxg4 Kb3 52. f5 gxf5 53. gxf5 Kb2 54. Rb8+ Kc1 55. Ra8 Kb1 56. Kg5 a1=Q 57. Rxa1+ Kxa1 58. Kh6 Rf2 0-1

[Event "NED-ch U16 Youth 2019"]
[Site "Assen"]
[Date "2019.04.30"]
[Round "3.2"]
[White "Elgersma, Onno"]
[Black "Maters, Arthur"]
[Result "1-0"]
[ECO "B23"]
[WhiteElo "2174"]
[BlackElo "2043"]
[Annotator "NA"]
[PlyCount "81"]
[EventDate "2019.04.28"]
[EventType "swiss"]
[EventCountry "NED"]
[SourceTitle "playchess.com"]
[Source "ChessBase"]
[SourceQuality "1"]
[TimeControl "40/5400+30:1800+30"]

1. e4 c5 2. Nc3 d6 3. Nge2 Nf6 4. g3 e5 (4... g6 5. Bg2 Nc6 6. d3 Bg7 7. h3 O-O 8. Be3 Rb8 9. f4 Ne8 10. a4 Nd4 11. O-O Nc7 12. g4 a6 13. Rb1 Bd7 14. Ng3 b5 15. axb5 axb5 16. Nce2 b4 17. f5 {0-1 (41) Fedoseev,V (2724)-Giri,A (2783) Wijk aan Zee 2019}) 5. Bg2 Be7 6. O-O {[%emt 0:01:37] B23: Closed Sicilian: Lines without g3} O-O 7. d3 Be6 8. f4 $146 ({Predecessor:} 8. Be3 Nc6 9. a3 a6 10. Qd2 b5 11. Na2 Rc8 {0-1 (21) Lantman,R-De Oliveira,J Joao Pessoa 2011}) 8... Bg4 9. h3 Bxe2 10. Nxe2 Nc6 11. c3 d5 12. fxe5 Nxe5 13. Rf5 Ng6 14. exd5 Qd7 15. Qf1 Bd6 16. c4 Rae8 17. Rf3 Nh5 18. g4 Nh4 $2 (18... Nf6 $16) 19. gxh5 Nxf3+ 20. Bxf3 ({Don't take} 20. Qxf3 Qe7 $18) 20... Qf5 21. Be4 Qxh5 22. Bf4 Bxf4 23. Nxf4 Qg5+ 24. Kh1 Qe5 25. Qf2 b5 $18 26. Bg2 g5 27. Nh5 f5 28. h4 h6 29. Rg1 bxc4 30. dxc4 a5 31. Qd2 f4 32. Qc2 Qd6 33. Bf3 Re3 34. Qg2 Rf5 35. Qh3 Qg6 36. Qg4 Kh7 37. d6 Rf8 38. d7 Rd8 39. Nxf4 Qf7 40. hxg5 h5 41. g6+ 1-0